 Dungeon Crawl Stone Soup version 0.18.1-47-g9310371 (webtiles) character file.

7927 dvd the Pandemonic (level 11, -3/81 HPs)
             Began as a Demonspawn Gladiator on June 15, 2016.
             Was a High Priest of Makhleb.
             Killed from afar by a gargoyle (10 damage)
             ... with a stone arrow
             ... on level 10 of the Dungeon.
             The game lasted 00:39:34 (12068 turns).

dvd the Pandemonic (Demonspawn Gladiator)          Turns: 12068, Time: 00:39:35

Health: -3/81      AC: 17    Str: 17    XL:     11   Next: 3%
Magic:  18/18      EV: 12    Int: 10    God:    Makhleb [*****.]
Gold:   56         SH:  0    Dex: 15    Spells: 0 memorised, 10 levels left

rFire  . . .     SeeInvis .     b - +3 dagger (venom)
rCold  + . .     Gourm    .     k - +0 plate armour
rNeg   . . .     Faith    .     (no shield)
rPois  .         Spirit   .     g - +2 helmet
rElec  .         Dismiss  .     h - +0 cloak
rCorr  +         Reflect  .     (gloves unavailable)
SustAt .         Harm     .     (no boots)
MR     .....                    (no amulet)
Stlth  ..........               s - ring of resist corrosion
                                x - ring of protection from cold

@: not resistant to hostile enchantments, extremely unstealthy
A: claws 3, repulsion field 2, demonic guardian 1
a: Minor Destruction, Lesser Servant of Makhleb, Major Destruction, Greater
Servant of Makhleb, Renounce Religion


You were on level 10 of the Dungeon.
You worshipped Makhleb.
Makhleb was extremely pleased with you.
You were not hungry.

You visited 2 branches of the dungeon, and saw 11 of its levels.

You collected 56 gold pieces.

Inventory:

Hand Weapons
 a - a +1 long sword
 b - a +3 dagger of venom (weapon)
 c - a +3 dagger of chaos
 d - the +3 rapier of Fostropta {freeze, rC+}
   (You found it on level 9 of the Dungeon)

   It has been specially enchanted to freeze those struck by it, causing extra
   injury to most foes and up to half again as much damage against particularly
   susceptible opponents.
   It can also slow down cold-blooded creatures.
   It protects you from cold.
 o - a +3 short sword
 y - a +0 hunting sling of flaming
 B - a +1 great sword
Armour
 g - a +2 helmet (worn)
 h - a +0 cloak (worn)
 k - a +0 plate armour (worn)
 I - a +1 scale mail
Magical Staves
 e - an uncursed staff of air
Jewellery
 s - a ring of resist corrosion (right claw)
 x - a ring of protection from cold (left claw)
Wands
 z - a wand of hasting (3/9)
 A - a wand of digging (9/24)
Scrolls
 j - 4 scrolls of identify
 u - 3 scrolls of enchant armour
 E - a scroll of remove curse
 F - a scroll of enchant weapon
 L - a scroll of magic mapping
Potions
 l - a potion of agility
 q - 3 potions of brilliance
 t - a potion of berserk rage
 D - 2 potions of haste
 K - a potion of cancellation
Books
 n - a book of Alchemy

   Spells                             Type                      Level
   a - Sublimation of Blood           Necromancy                   2
   b - Ignite Poison                  Fire/Transmutation/Poison    3
   c - Petrify                        Transmutation/Earth          4
   d - Alistair's Intoxication        Transmutation/Poison         5
   e - Irradiate                      Conjuration/Transmutation    5
Comestibles
 f - 5 bread rations
 i - 3 meat rations
 m - 10 beef jerkies
 p - 9 fruits
 w - a slice of pizza
 C - 2 chunks of flesh


   Skills:
 + Level 6.1 Fighting
 + Level 4.6(5.7) Short Blades
 + Level 4.9(5.8) Long Blades
 + Level 2.8 Throwing
 + Level 6.8 Armour
 + Level 8.7 Dodging
 + Level 3.0 Stealth
 + Level 9.6 Invocations


You had 10 spell levels left.
You didn't know any spells.

Dungeon Overview and Level Annotations

Branches:
Dungeon (10/15)            Temple (1/1) D:4            Lair (0/8) D:10
    Orc: D:9-12

Altars:
Ashenzari
Cheibriados
Dithmenos
Elyvilon
Fedhas
Gozag
Kikubaaqudgha
Makhleb
Nemelex Xobeh
Okawaru
Pakellas
Qazlal
Ru
Sif Muna
Trog
Vehumet
Xom
Yredelemnul
Zin
The Shining One

Shops:
D:5 %=[}   D:10 *


Innate Abilities, Weirdness & Mutations

You have claws for hands.
You are surrounded by a moderate repulsion field (EV +3).
A weak demonic guardian rushes to your aid.


Message History

You swap places.
The warg misses your crimson imp. The warg bites your crimson imp.
Your crimson imp blinks!
You see here an arrow.
The gargoyle hurls a stone arrow at you.
The stone arrow hits you!
* * * LOW HITPOINT WARNING * * *
Found a ring mail.
Your crimson imp hits the gargoyle but does no damage.
The orc pleads, "Please don't kill me!"
The gargoyle hurls a stone arrow at you.
The stone arrow misses you.
Your crimson imp hits the gargoyle but does no damage.
The gargoyle hurls a stone arrow at you.
The stone arrow misses you.
Your crimson imp closely misses the gargoyle.
Your crimson imp blinks!
The gargoyle hurls a stone arrow at you.
The stone arrow hits you!
You die...

##.......### #.#
#.........# #.#
##.........## #.#
#.....>.ยง...#######.#
#...........##oo..h.#
#.......9.o..#.######
#..P5...#.##.#
#.......#.o(.#
##[.@h.####### ##...##
##.## ... #### .#
##### #.# #...#####
#.# #.......# #.####
####


You could see a warg, an orc warrior, a gargoyle and a friendly white imp.

Vanquished Creatures
  The ghost of ReniFell the Fighter, a novice MiBe of Trog (D:7)
  Psyche (D:9)
  Maurice (D:9)
  The ghost of mindo the Conjurer, an amateur DECj (D:5)
  Sigmund (D:2)
  6 yaks (D:9)
  A hippogriff (D:7)
  2 water moccasins
  2 orc warriors
  An eye of draining (D:8)
  2 sky beasts
  3 ice beasts
  2 phantoms
  10 ogres
  3 centaurs
  A big kobold (D:8)
  5 giant frogs
  A wyvern skeleton (D:8)
  A water moccasin zombie (D:5)
  4 scorpions
  A water moccasin skeleton (D:9)
  6 killer bees (D:10)
  5 wights (D:9)
  7 howler monkeys
  4 jellies
  2 crimson imps
  A quasit (D:9)
  A giant frog zombie (D:7)
  15 orc wizards
  A giant frog skeleton (D:4)
  4 orc priests
  A hound (D:7)
  2 centaur skeletons
  3 iguanas
  8 worker ants
  A killer bee zombie (D:9)
  A hound zombie (D:10)
  2 howler monkey zombies
  Robin (D:2)
  16 adders
  3 gnolls
  A shadow imp (D:6)
  2 oozes (D:1)
  An adder skeleton (D:7)
  2 worms
  4 dart slugs
  4 giant geckos
  38 orcs
  4 giant cockroaches
  12 goblins
  8 hobgoblins
  14 jackals
  6 quokkas
  2 ball pythons (D:4)
  5 bats
  3 giant newts
  7 kobolds
  2 quokka zombies
  8 rats
257 creatures vanquished.

Vanquished Creatures (collateral kills)
  A warg (D:10)
  A hound (D:10)
2 creatures vanquished.

Grand Total: 259 creatures vanquished

Notes
Turn   | Place    | Note
--------------------------------------------------------------
     0 | D:1      | dvd the Demonspawn Gladiator began the quest for the Orb.
     0 | D:1      | Reached XP level 1. HP: 16/16 MP: 1/1
   251 | D:1      | Gained mutation: You are surrounded by a mild repulsion field (EV +2). [demonic ancestry]
   251 | D:1      | Reached XP level 2. HP: 17/22 MP: 2/2
   891 | D:2      | Noticed Sigmund
   919 | D:1      | Gained mutation: You have sharp fingernails. [demonic ancestry]
   919 | D:1      | Reached XP level 3. HP: 11/27 MP: 3/3
  1473 | D:2      | Noticed Robin
  1518 | D:2      | Killed Robin
  1518 | D:2      | Reached skill level 1 in Armour
  1556 | D:2      | Gained mutation: You are surrounded by a moderate repulsion field (EV +3). [demonic ancestry]
  1556 | D:2      | Reached XP level 4. HP: 13/34 MP: 4/4
  2698 | D:3      | Gained mutation: You have very sharp fingernails. [demonic ancestry]
  2698 | D:3      | Reached XP level 5. HP: 38/39 MP: 5/5
  2824 | D:3      | Found a shimmering altar of Xom.
  2954 | D:3      | Noticed an ogre
  2966 | D:3      | Killed an ogre
  3235 | D:4      | Noticed a phantom
  3235 | D:4      | Noticed an ogre
  3251 | D:4      | Killed an ogre
  3251 | D:4      | Reached XP level 6. HP: 47/47 MP: 6/6
  3475 | D:4      | Reached skill level 1 in Short Blades
  3475 | D:4      | Reached skill level 5 in Dodging
  3475 | D:4      | Gained mutation: You have claws for hands. [demonic ancestry]
  3475 | D:4      | Reached XP level 7. HP: 25/52 MP: 7/7
  3561 | D:4      | Found a burning altar of Makhleb.
  3571 | D:4      | Became a worshipper of Makhleb the Destroyer
  3710 | D:4      | Found an oddly glowing altar of Pakellas.
  3836 | D:4      | Found a staircase to the Ecumenical Temple.
  3854 | Temple   | Entered the Ecumenical Temple
  3977 | D:4      | Reached skill level 1 in Stealth
  4358 | D:4      | Found a glowing silver altar of Zin.
  4451 | D:5      | Entered Level 5 of the Dungeon
  4451 | D:5      | Found Lumuohux's Jewellery Shop.
  4453 | D:5      | Found Gastriruq's Food Boutique.
  4794 | D:5      | Found Zaaclim's Armour Shop.
  4838 | D:5      | Reached * piety under Makhleb
  4838 | D:5      | Reached XP level 8. HP: 28/60 MP: 8/8
  5032 | D:5      | Found Wuedacyry's Gadget Boutique.
  5204 | D:5      | Found a deep blue altar of Sif Muna.
  5310 | D:5      | Noticed mindo's ghost (amateur DECj)
  5324 | D:5      | Killed mindo's ghost
  5451 | D:6      | Found an iron altar of Okawaru.
  6046 | D:6      | HP: 4/91 [orc wizard/magic dart (6)]
  6412 | D:6      | Found a shattered altar of Ashenzari.
  6475 | D:6      | Reached XP level 9. HP: 64/66 MP: 9/9
  6707 | D:6      | Found a white marble altar of Elyvilon.
  7069 | D:7      | Reached ** piety under Makhleb
  7312 | D:7      | Reached skill level 5 in Armour
  7532 | D:7      | Noticed ReniFell's ghost (novice MiBe)
  7569 | D:7      | Killed ReniFell's ghost
  7569 | D:7      | Reached skill level 5 in Fighting
  7569 | D:7      | Reached skill level 1 in Invocations
  8171 | D:2      | Killed Sigmund
  8171 | D:2      | Reached skill level 2 in Invocations
  8540 | D:8      | Reached skill level 3 in Invocations
  8733 | D:8      | Reached *** piety under Makhleb
  8766 | D:8      | Found a snail-covered altar of Cheibriados.
  9007 | D:8      | Reached skill level 4 in Invocations
  9007 | D:8      | Gained mutation: A weak demonic guardian rushes to your aid. [demonic ancestry]
  9007 | D:8      | Reached XP level 10. HP: 71/74 MP: 11/13
  9325 | D:9      | Found a sacrificial altar of Ru.
  9343 | D:9      | Reached skill level 5 in Invocations
  9449 | D:9      | Reached skill level 6 in Invocations
  9513 | D:9      | Reached **** piety under Makhleb
  9513 | D:9      | Reached skill level 7 in Invocations
  9842 | D:9      | Reached skill level 8 in Invocations
 10021 | D:9      | Noticed Maurice
 10275 | D:9      | Noticed Psyche
 10296 | D:9      | Killed Psyche
 10796 | D:9      | Killed Maurice
 10796 | D:9      | Reached skill level 9 in Invocations
 10852 | D:9      | Reached ***** piety under Makhleb
 11032 | D:9      | Got a twisted rapier
 11033 | D:9      | Identified the cursed +3 rapier of Fostropta {freeze, rC+} (You found it on level 9 of the Dungeon)
 11273 | D:10     | Entered Level 10 of the Dungeon
 11983 | D:10     | Found Emaonk's Serpentskin Sales.
 11997 | D:10     | Reached XP level 11. HP: 76/81 MP: 18/18
 12056 | D:10     | Found a staircase to the Lair.
 12068 | D:10     | Killed from afar by a gargoyle

Skill      XL: |  1  2  3  4  5  6  7  8  9 10 |
---------------+-------------------------------+-----
Dodging        | 3 4 5 6 7 8 |  8.7
Throwing       | 2 |  2.8
Long Blades    | 3 4 |  4.9
Armour         | 1 2 3 4 5 6 |  6.8
Fighting       | 3 4 5 6 |  6.1
Short Blades   | 1 2 3 4 |  4.6
Stealth        | 1 2 3 |  3.0
Invocations    | 4 9 |  9.6

Action                   |  1- 3 |  4- 6 |  7- 9 | 10-12 || total
-------------------------+-------+-------+-------+-------++-------
Melee: Long sword        |   125 |   147 |    34 |    48 ||   354
       Dagger            |       |    34 |   496 |   353 ||   883
       Mace              |       |       |     1 |       ||     1
       Great sword       |       |       |       |    64 ||    64
       Rapier            |       |       |       |    25 ||    25
Throw: Tomahawk          |       |       |     6 |       ||     6
       Javelin           |       |       |     9 |       ||     9
       Throwing net      |       |       |     3 |       ||     3
Invok: Minor Destruction |       |       |    48 |    67 ||   115
  Use: Potion            |     4 |       |     7 |     3 ||    14
       Scroll            |       |       |    11 |     4 ||    15
 Stab: Distracted        |       |       |     1 |     1 ||     2
       Paralysed         |       |       |     3 |     1 ||     4
  Eat: Chunk             |     1 |     8 |    20 |    11 ||    40
       Pizza             |       |       |       |     1 ||     1
Armor: Leather armour    |    45 |    57 |    14 |       ||   116
       Scale mail        |       |       |   131 |       ||   131
       Plate armour      |       |       |       |   218 ||   218
Dodge: Dodged            |   111 |   165 |   442 |   251 ||   969
